 Dungeon Crawl Stone Soup version 0.22-a0-558-gc224181 (webtiles) character file.

30 iamserjio the Digger (level 3, 0/24 HPs)
             Began as an Octopode Wanderer on June 27, 2018.
             Slain by a worm (12 damage)
             ... on level 2 of the Dungeon.
             The game lasted 00:02:36 (1609 turns).

iamserjio the Digger (Octopode Wanderer)            Turns: 1609, Time: 00:02:37

Health: 0/24       AC:  1    Str:  9    XL:     3   Next: 18%
Magic:  6/6        EV: 13    Int: 14    God:
Gold:   84         SH:  0    Dex: 14    Spells: 5/6 levels left

rFire    . . .     SeeInvis .   b - +0 shortbow
rCold    . . .     Gourm    .   (shield currently unavailable)
rNeg     . . .     Faith    .   (helmet restricted)
rPois    .         Spirit   .   (no amulet)
rElec    .         Reflect  .   (no ring)
rCorr    .         Harm     .   (no ring)
MR       .....                  (no ring)
Stlth    +++.......             (no ring)
HPRegen  0.08/turn              (no ring)
MPRegen  0.10/turn              (no ring)
                                (no ring)
                                (no ring)

@: no status effects
A: almost no armour, stealthy swim, amphibious, 8 rings, constrict 8, camouflage
1, gelatinous body 1
a: no special abilities


You were on level 2 of the Dungeon.
You were not hungry.

You visited 1 branch of the dungeon, and saw 2 of its levels.

You collected 84 gold pieces.

Inventory:

Hand Weapons
 b - a +0 shortbow (weapon)
 d - a +0 hand crossbow
 i - a cursed -2 dagger
 k - a +0 short sword
Missiles
 c - 47 arrows (quivered)
 e - 29 bolts
 g - 21 stones
Scrolls
 a - a scroll of fear {unknown}
 h - a scroll of identify {unknown}
Potions
 j - a potion of might {unknown}
Comestibles
 f - 3 rations


   Skills:
 + Level 2.2 Fighting
 - Level 1.0 Crossbows
 - Level 1.0 Throwing
 + Level 0.9 Dodging
 + Level 2.0 Stealth
 + Level 2.2 Spellcasting
 * Level 3.4 Earth Magic


You had 5 spell levels left.
You knew the following spells:

 Your Spells              Type           Power        Failure   Level  Hunger
a - Sandblast             Erth           ##....       5%          1    #......

Your spell library contained the following spells:

 Spells                   Type           Power        Failure   Level  Hunger
 Stone Arrow              Conj/Erth      #.....       34%         3    ###....
 Passwall                 Tmut/Erth      #.......     17%         2    ###....
 Lee's Rapid Deconstruct  Erth           ##........   83%         5    ######.
 Petrify                  Tmut/Erth      #.......     75%         4    #####..


Dungeon Overview and Level Annotations

Branches:
Dungeon (2/15)

Altars:


Innate Abilities, Weirdness & Mutations

You cannot wear most types of armour.
You are very stealthy in the water. (Stealth+)
You are amphibious.
You can wear up to eight rings at the same time.
You can use your tentacles to constrict eight enemies at once.
Your skin changes colour to match your surroundings (Stealth+).
Your rubbery body absorbs attacks. (AC +1, EV +1)


Message History

The worm is severely wounded.
Firing (i - inventory. (/) - cycle)
c - 50 arrows (quivered)
Press: ? - help, Shift-Dir - straight line, f/p - worm
Aim: a worm (severely wounded)
You shoot an arrow. The arrow barely misses the worm.
Firing (i - inventory. (/) - cycle)
c - 49 arrows (quivered)
Press: ? - help, Shift-Dir - straight line, f/p - worm
Aim: a worm (severely wounded)
You shoot an arrow. The arrow barely misses the worm.
The worm bites you!
Ouch! That really hurt!
You are too injured to fight recklessly!
You are too injured to fight recklessly!
Firing (i - inventory. (/) - cycle)
c - 48 arrows (quivered)
Press: ? - help, Shift-Dir - straight line, f/p - worm
Aim: a worm (heavily wounded)
You shoot an arrow. The arrow hits the worm.
The worm is almost dead.
The worm bites you!
Ouch! That really hurt!
You die...

#..# #..# #..## #...#
#...# ..#.###...####.
...............
##.#####...#(##.#
.........@w..(((+
########.[.#.##(#
##...#.##. #>........
##...#.##.
.######...#.#
............#
............#
.........#.#####..#.#


You could see a worm.

Vanquished Creatures
  A worm (D:2)
  2 dart slugs (D:1)
  An orc (D:2)
  A giant cockroach (D:1)
  2 hobgoblins (D:1)
  9 bats
  3 goblins
  A kobold (D:1)
  4 rats
24 creatures vanquished.

Notes
Turn   | Place    | Note
-------+----------+-------------------------------------------
     0 | D:1      | iamserjio the Octopode Wanderer began the quest for the Orb.
     0 | D:1      | iamserjio set off with: a +0 shortbow, 26 arrows, a +0 hand crossbow, 29 bolts, a ration
     0 | D:1      | Reached XP level 1. HP: 14/14 MP: 3/3
     2 | D:1      | Learned a level 1 spell: Sandblast
    73 | D:1      | Reached XP level 2. HP: 17/19 MP: 5/5
  1285 | D:2      | Reached XP level 3. HP: 14/24 MP: 6/6
  1609 | D:2      | Slain by a worm

Vault maps used:
D:1:      roderic_dead_forest
D:2:      yredelemnul_altar_generic, uniq_terence, uniq_natasha

Skill      XL: |  1  2  3 |
---------------+----------+-----
Stealth        | 2 |  2.0
Fighting       | |  2.2
Crossbows      | |  1.0
Throwing       | |  1.0
Dodging        | |  0.9
Spellcasting   | |  2.2
Earth Magic    | |  3.4

Action                   || total
-------------------------++-------
 Fire: Shortbow          ||    92
  Eat: Chunk             ||     2
Armor: Skin              ||     7
Dodge: Dodged            ||    19

Table legend:
 A = Spawn XP
 B = Non-spawn XP
 C = Spawn XP percentage of total XP
 D = Spawn monster count
 E = Non-spawn monster count
 F = Spawn count percentage of total count
 G = Total turns spent on level
                    A         B        C        D         E        F      G
               +---------+---------+-------+---------+---------+-------+---------
         Total |       0 |      43 |   0.0 |       0 |      24 |   0.0 |  1609
               +---------+---------+-------+---------+---------+-------+---------
           D:1 |       0 |      27 |   0.0 |       0 |      17 |   0.0 |  1209
           D:2 |       0 |      16 |   0.0 |       0 |       7 |   0.0 |   400
               +---------+---------+-------+---------+---------+-------+---------
